 Dungeon Crawl Stone Soup version 0.32-a0-593-g85ff8e36a1 (webtiles) character file.

Game seed: 4596918798294864128

2032 Sobieck the Arsonist (level 9, -2/71 HPs)
             Began as a Mountain Dwarf Fire Elementalist on Mar 2, 2024.
             Slain by an orc priest
             ... wielding a +0 trident
              (3 damage)
             ... on level 5 of the Dungeon.
             The game lasted 00:11:06 (7323 turns).

Sobieck the Arsonist (MDFE)                         Turns: 7323, Time: 00:11:06

Health: -2/71      AC:  3    Str: 10    XL:     9   Next: 3%
Magic:  13/17      EV: 11    Int: 21    God:
Gold:   51         SH:  0    Dex: 10    Spells: 16/19 levels left

rFire   . . .        (no weapon)
rCold   . . .        (no shield)
rNeg    . . .        a - +1 robe
rPois   .            (no helmet)
rElec   .            (no cloak)
rCorr   .            (no gloves)
SInv    .            (no boots)
Will    .....        (no amulet)
Stlth   ++           (no ring)
HPRegen 0.31/turn    (no ring)
MPRegen 0.15/turn

%: no passive effects
@: no status effects
A: runic magic, artefact enchanting
a: Convert to Beogh


You were on level 5 of the Dungeon.
You visited 1 branch of the dungeon, and saw 6 of its levels.

You collected 268 gold pieces.
You spent 217 gold pieces at shops.

Inventory:

Armour
 a - a +1 robe (worn)
 l - a +0 helmet
 n - an orb of wrath
Jewellery
 f - a ring of ice
Wands
 b - a wand of roots (4)
Scrolls
 d - a scroll of poison
 e - a scroll of blinking
 i - a scroll of revelation
 q - 3 scrolls of immolation
 T - 3 scrolls of teleportation
Potions
 c - 2 potions of ambrosia
 g - a potion of attraction {unknown}
 h - a potion of might {unknown}
 j - a potion of heal wounds {unknown}
 k - a potion of invisibility {unknown}
 o - a potion of mutation {unknown}
 r - a potion of brilliance
 Q - 3 potions of curing


   Skills:
 - Level 4.0 Fighting
 - Level 1.3 Dodging
 - Level 1.4 Stealth
 + Level 5.6 Spellcasting
 + Level 5.8 Conjurations
 + Level 8.5 Fire Magic


You had 16 spell levels left.
You knew the following spells:

 Your Spells              Type           Power      Damage    Failure   Level
a - Foxfire               Conj/Fire      100%       2x1d9     1%          1
b - Scorch                Fire           84%        2d8       1%          2

Your spell library contained the following spells:

 Spells                   Type           Power      Damage    Failure   Level
 Sting                    Conj/Alch      72%        1d7       3%          1
 Inner Flame              Hex/Fire       23%        N/A       5%          3
 Volatile Blastmotes      Fire/Tloc      46%        2d13      5%          3
 Flame Wave               Conj/Fire      36%        2d10      5%          4
 Mephitic Cloud           Conj/Alch/Air  14%        N/A       14%         3
 Mercury Vapours          Alch/Air       10%        N/A       16%         2
 Animate Armour           Summ/Erth      10%        N/A       69%         4
 Olgreb's Toxic Radiance  Alch           5%         N/A       69%         4
 Summon Lightning Spire   Summ/Air       5%         N/A       69%         4
 Freezing Cloud           Conj/Ice/Air   7%         6-21      77%         5
 Lee's Rapid Deconstruct  Erth           2%         3d5*      95%         5
 Malign Gateway           Summ/Tloc      2%         N/A       100%        7
 Summon Horrible Things   Summ           2%         N/A       100%        8


Dungeon Overview and Level Annotations

Branches:
Dungeon (6/15)
 Temple: D:4-7

Altars:

Shops:
D:5 ?


Innate Abilities, Weirdness & Mutations

Your spellcasting is much less encumbered by armour.
You can use scrolls of enchantment on lesser artefacts.


Message History

The hound barks!
You conjure some foxfire!
The foxfire hits the hound.
The hound is lightly wounded.
You conjure some foxfire!
The hound bites you but does no damage.
Casting: Foxfire (safe; 1% risk of failure)
Confirm with . or Enter, or press ? or * to list all spells.
Flames lash the hound.
The hound is severely wounded.
The hound's fire resistance burns away.
The hound closely misses you. The hound barely misses you.
Casting: Scorch (safe; 1% risk of failure)
Confirm with . or Enter, or press ? or * to list all spells.
Flames lash the hound.
The hound is burned terribly!
You kill the hound!
Your foxfire dissipates!
Magic restored.
You see here a hound corpse.
You see here a hound corpse.
Done exploring.
Done exploring.
Things that are here:
a +0 leather armour; a +0 falchion You see here 7 stones.
There is a stone staircase leading down, spattered with blood here.
You climb downwards.
The ogre misses you.
The orc priest hits you with a +0 trident!
The orc priest mumbles some strange prayers to Beogh against you.
Pain shoots through your body!
There is a stone staircase leading up here.
Unknown command.
Unknown command.
The ogre hits you with a +0 giant club!!
* * * LOW HITPOINT WARNING * * *
You climb upwards.
There is a stone staircase leading down, spattered with blood here.
Casting: Scorch (safe; 1% risk of failure)
Confirm with . or Enter, or press ? or * to list all spells.
Flames lash the orc priest.
The orc priest is severely wounded.
The orc priest's fire resistance burns away.
The orc priest looks satisfied for a moment.
The ogre hits you with a +0 giant club!!
* * * LOW HITPOINT WARNING * * *
Casting: Scorch (safe; 1% risk of failure)
Confirm with . or Enter, or press ? or * to list all spells.
Flames lash the ogre.
The ogre is moderately wounded.
The ogre's fire resistance burns away.
The orc priest hits you with a +0 trident.
You die...

#.###.......#.##...........##.#..
#.###....)..#.....########.##.###
#.#####).########## #.......#
#......<[###### ####....#
########...#### #....###
########.#.#### #.......
########.#.####### #....##.
###............O.# #....##.
################@# #....##.
##.#.#...#.#.###o# #....##.
##.#..#..#.## #.# #######.
#.#..###..#.# #.# ##
##..##.##..## #(#
#..##...##..###.#
#...†.)..##.[.#.#
#..##...##..#...#
##..##.##..####.#


You could see an ogre (combustible) and an orc priest (combustible).

Vanquished Creatures
  Grinder (D:5)
  Eustachio (D:5)
  Edmund (D:5)
  A water moccasin (D:5)
  Duvessa (D:5)
  2 black bears (D:5)
  3 ogres
  A phantom (D:5)
  4 scorpions (D:5)
  A wight (D:5)
  Dowan (D:5)
  3 hounds (D:5)
  A jelly (D:3)
  2 bombardier beetles
  4 iguanas
  Ijyb (D:3)
  10 gnolls
  3 adders
  A white imp (D:5)
  2 ufetubi (D:5)
  3 dart slugs
  3 ribbon worms
  4 orcs (D:5)
  9 endoplasms
  7 giant cockroaches
  5 goblins
  5 hobgoblins
  4 jackals (D:2)
  8 quokkas
  9 ball pythons
  5 bats
  5 frilled lizards
  7 kobolds
  3 rats
121 creatures vanquished.

Vanquished Creatures (others)
  578 foxfires
578 creatures vanquished.

Grand Total: 699 creatures vanquished

Notes
Turn   | Place    | Note
-------+----------+-------------------------------------------
     0 | D:1      | Sobieck the Mountain Dwarf Fire Elementalist began the
                  | quest for the Orb.
     0 | D:1      | Reached XP level 1. HP: 14/14 MP: 3/3
   158 | D:1      | Reached skill level 1 in Conjurations
   375 | D:1      | Reached XP level 2. HP: 22/22 MP: 0/4
   628 | D:1      | Learned a level 2 spell: Scorch
   690 | D:1      | Reached skill level 1 in Fighting
   854 | D:1      | You fall into a shaft and drop 1 floor!
   891 | D:2      | Reached skill level 4 in Fire Magic
   939 | D:2      | Reached XP level 3. HP: 28/28 MP: 0/6
  2692 | D:3      | Reached XP level 4. HP: 36/36 MP: 3/7
  3202 | D:3      | Noticed Ijyb
  3216 | D:4      | Noticed an ogre
  3342 | D:3      | Killed Ijyb
  3343 | D:3      | Reached XP level 5. HP: 11/41 MP: 5/8
  3675 | D:4      | Noticed an ogre
  3681 | D:4      | Killed an ogre
  3682 | D:4      | Reached skill level 5 in Fire Magic
  3767 | D:4      | Killed an ogre
  3768 | D:4      | Reached skill level 3 in Fighting
  3768 | D:4      | Reached skill level 3 in Spellcasting
  3768 | D:4      | Reached XP level 6. HP: 51/51 MP: 2/10
  3952 | D:4      | Reached skill level 3 in Conjurations
  4633 | D:5      | Entered Level 5 of the Dungeon
  4658 | D:5      | Reached XP level 7. HP: 58/58 MP: 4/12
  5204 | D:5      | Noticed Grinder
  5229 | D:5      | Killed Grinder
  5230 | D:5      | Reached skill level 6 in Fire Magic
  5398 | D:5      | Found Zylu's Magic Scroll Emporium.
  5405 | D:5      | Bought a scroll of identify for 28 gold pieces
  5405 | D:5      | Bought a scroll of identify for 28 gold pieces
  5405 | D:5      | Bought a scroll of poison for 56 gold pieces
  5405 | D:5      | Bought a scroll of blinking for 105 gold pieces
  5509 | D:5      | Noticed Edmund
  5566 | D:5      | Killed Edmund
  5567 | D:5      | Reached XP level 8. HP: 21/66 MP: 1/14
  5785 | D:5      | Reached skill level 7 in Fire Magic
  6254 | D:5      | Noticed Duvessa
  6257 | D:5      | Noticed Dowan
  6260 | D:5      | Killed Dowan
  6263 | D:5      | Killed Duvessa
  6581 | D:5      | Reached skill level 8 in Fire Magic
  6891 | D:5      | Noticed Eustachio
  6896 | D:5      | Killed Eustachio
  6983 | D:5      | Reached XP level 9. HP: 70/71 MP: 0/17
  7322 | D:5      | HP: 1/71 [ogre/+0 giant club (23)]
  7323 | D:5      | Slain by an orc priest

Illustrated notes

Levels and vault maps discovered:
D:1:      matt_arrival_spirals, layout_basic
D:2:      layout_basic, patterned_corridor
D:3:      layout_basic, st_stairs_11, uniq_ijyb
D:4:      layout_cave_pools, cheibrodos_sewer_entry_sluice,
          kennysheep_nondescript
D:5:      minmay_diamond_boxcup, layout_basic, serial_shops, shop,
          uniq_eustachio, uniq_grinder, uniq_duvessa, uniq_edmund
D:6:      layout_loops_ring

Skill      XL: |  1  2  3  4  5  6  7  8 |
---------------+-------------------------+-----
Conjurations   | 1 2 3 4 5 |  5.8
Spellcasting   | 2 3 4 5 |  5.6
Fighting       | 1 2 3 4 |  4.0
Fire Magic     | 4 5 6 8 |  8.5
Dodging        | |  1.3
Stealth        | |  1.4

Action                     |  1- 3 |  4- 6 |  7- 9 || total
---------------------------+-------+-------+-------++-------
  Melee: Unarmed           |    10 |     4 |       ||    14
   Cast: Foxfire           |   110 |   114 |   112 ||   336
         Scorch            |     1 |     9 |    47 ||    57
  Evoke: Wand              |       |       |     4 ||     4
    Use: Potion            |       |     1 |       ||     1
         Scroll            |       |     1 |     9 ||    10
 Armour: Robe              |    28 |    31 |    59 ||   118
  Dodge: Dodged            |    29 |    19 |    38 ||    86

Table legend: (Time is in decaauts)
 A = Elapsed time spent in this place.
 B = Non-inter-level travel time spent in this place.
 C = Inter-level travel time spent in this place.
 D = Time resting spent in this place.
 E = Time spent auto-exploring this place.
 F = Levels seen in this place.
 G = Mean time per level.
                   A        B        C        D        E       F      G
               +--------+--------+--------+--------+--------+-----+--------+
         Total |   7331 |   7185 |    146 |   1020 |   5084 |   6 | 1221.8 |
       Dungeon |   7331 |   7185 |    146 |   1020 |   5084 |   6 | 1221.8 |
               +--------+--------+--------+--------+--------+-----+--------+

Top non-repeatable levels by time:
     D:5: 2076 daAuts
     D:4: 1553 daAuts
     D:1: 1532 daAuts
     D:2: 1089 daAuts
     D:3: 1068 daAuts
     D:6: 10 daAuts
